AoeStats
← Tegernseer1847

Black Forest

508070792Analyzed
4v4 RM · 13d ago on Sep 20, 2026· 80m 8s· 8 players
Game mode
Random Map
Map size
Large (8 player)
Population
200
Speed
Normal
Resources
Standard
Victory
Conquest
Starting age
Dark Age
Ending age
Imperial Age
RankedLock teamsTeams togetherTeam positionsShared explorationLock speedFull tech treeHidden civsTurbo modeCheats
Victory
Defeat
🇭🇺 Khmer · Hungary
746
+9
🇵🇱 Shu · Poland
717
+10
🇦🇩 Vikings · Andorra
671
+12
🇩🇪 Khmer · Germany
387
+22
🇩🇪 Inca · Germany
617
-15
🇨🇴 Khmer · Colombia
581
-14
🇲🇽 Bohemians · Mexico
540
-12
🇹🇷 Byzantines · Türkiye
536
-12
Sugarspoon
11:51 Feudal Age
13:33 Double-Bit Axe
26:48 Castle Age
28:53 Bow Saw
28:30 Fishing Lines
31:00 Fletching
31:12 Padded Archer Armor
32:45 Gold Mining
32:46 Stone Mining
36:18 Gold Shaft Mining
36:20 Stone Shaft Mining
36:37 Gillnets
37:59 Wheelbarrow
45:00 Imperial Age
44:40 Scale Barding Armor
44:50 Thumb Ring
44:05 Crossbowman
46:11 Fortified Wall
46:24 Ballistics
46:34 Hand Cart
49:44 Two-Man Saw
52:43 Elite Cataphract
54:13 Chain Barding Armor
54:04 Forging
54:10 Leather Archer Armor
Jackpot
6:11 Loom
10:47 Feudal Age
11:43 Double-Bit Axe
16:41 Horse Collar
17:54 Wheelbarrow
20:22 Stone Mining
26:47 Castle Age
27:43 Bow Saw
27:36 Heavy Plow
27:53 Hand Cart
28:43 Stone Shaft Mining
31:06 Treadmill Crane
31:49 Scale Mail Armor
32:00 Forging
33:21 Caravan
38:50 Imperial Age
39:29 Chain Mail Armor
39:50 Iron Casting
39:16 Gold Mining
39:44 Guilds
40:08 Crop Rotation
40:33 Gold Shaft Mining
39:27 Elite Kamayuk
39:58 Capped Ram
41:03 Conscription
41:51 Fabric Shields
41:34 Siege Ram
43:31 Plate Mail Armor
44:18 Blast Furnace
47:23 Siege Engineers
roobinson.15
1:50 Loom
21:17 Feudal Age
22:52 Double-Bit Axe
24:18 Wheelbarrow
23:28 Horse Collar
25:05 Town Watch
27:39 Scale Barding Armor
28:41 Forging
29:33 Fletching
29:44 Padded Archer Armor
robertosminor89
0:30 Loom
17:41 Feudal Age
19:35 Wheelbarrow
19:26 Double-Bit Axe
20:16 Horse Collar
29:20 Castle Age
27:58 Forging
29:05 Padded Archer Armor
28:56 Fletching
30:43 Hand Cart
31:53 Leather Archer Armor
31:33 Bodkin Arrow
34:21 Chemistry
33:44 Ballistics
34:49 Fortified Wall
36:36 Bow Saw
38:26 Heavy Plow
43:48 Iron Casting
48:07 Imperial Age
51:22 Two-Man Saw
52:21 Caravan
52:57 Coinage
54:29 Houfnice
55:02 Heavy Scorpion
57:55 Squires
57:41 Arson
57:39 Pikeman
60:23 Bombard Tower
62:09 Elite Hussite Wagon
65:11 Blast Furnace
69:03 Ring Archer Armor
73:55 Banking
73:35 Guilds
Tegernseer1847
2:37 Loom
14:42 Feudal Age
18:34 Wheelbarrow
20:03 Double-Bit Axe
21:48 Horse Collar
22:26 Fishing Lines
27:57 Castle Age
28:07 Gold Mining
28:12 Stone Mining
29:01 Hand Cart
28:56 Heavy Plow
29:09 Bow Saw
31:05 Caravan
35:46 Gold Shaft Mining
35:33 Gillnets
36:35 Husbandry
35:56 Light Cavalry
36:47 Bloodlines
37:59 Scale Barding Armor
37:55 Scale Mail Armor
38:05 Forging
42:52 Imperial Age
45:59 Heavy Scorpion
47:16 Double Crossbow
47:37 Conscription
47:46 Hussar
59:13 Chain Barding Armor
59:09 Chain Mail Armor
59:30 Iron Casting
59:28 Crop Rotation
MaxHitman2020
10:59 Loom
13:02 Feudal Age
14:15 Man-at-Arms
23:31 Castle Age
26:00 Forging
35:18 Imperial Age
35:18 Caravan
35:12 Double-Bit Axe
41:10 Gold Mining
44:44 Heavy Hei Guang Cavalry
46:02 Fortified Wall
47:07 Wheelbarrow
46:19 Town Watch
55:07 Scale Mail Armor
54:57 Fletching
65:13 Masonry
66:05 Chemistry
66:17 Elite White Feather Guard
70:55 Padded Archer Armor
71:11 Chain Mail Armor
73:27 Plate Mail Armor
72:52 Bodkin Arrow
72:49 Capped Ram
75:05 Husbandry
76:23 Long Swordsman
76:48 Gambesons
77:04 Squires
76:24 Pikeman
78:28 Bracer
79:26 Bow Saw
79:01 Horse Collar
Kanye Best
0:49 Loom
14:08 Feudal Age
17:29 Double-Bit Axe
24:49 Castle Age
23:53 Gold Mining
23:55 Stone Mining
25:56 Horse Collar
26:30 Bow Saw
27:15 Caravan
27:31 Heavy Plow
28:07 Fortified Wall
28:45 Fletching
29:57 Gold Shaft Mining
35:55 Imperial Age
34:01 Town Watch
34:47 Bloodlines
35:45 Ballistics
36:11 Bodkin Arrow
36:16 Padded Archer Armor
37:04 Stone Shaft Mining
37:39 Crop Rotation
37:55 Conscription
39:10 Chemistry
39:02 Leather Archer Armor
38:58 Cavalier
40:30 Wheelbarrow
40:53 Ring Archer Armor
41:48 Scale Barding Armor
41:55 Forging
44:14 Double Crossbow
45:14 Hand Cart
45:01 Murder Holes
45:20 Elite Ballista Elephant
46:42 Masonry
47:16 Parthian Tactics
50:21 Town Patrol
51:05 Bracer
54:42 Chain Barding Armor
54:58 Iron Casting
54:26 Guard Tower
57:12 Husbandry
58:34 Plate Barding Armor
61:47 Hoardings
Fedo
0:31 Loom
17:30 Feudal Age
18:49 Gold Mining
18:46 Double-Bit Axe
18:44 Horse Collar
20:06 Arson
20:15 Man-at-Arms
21:30 Stone Mining
23:35 Forging
23:29 Scale Mail Armor
28:26 Castle Age
26:31 Padded Archer Armor
26:22 Fletching
26:18 Fishing Lines
28:30 Town Watch
31:07 Bow Saw
32:01 Iron Casting
30:49 Long Swordsman
34:45 Elite Skirmisher
35:27 Squires
35:24 Bodkin Arrow
38:04 Imperial Age
35:41 Heavy Plow
36:21 Chain Mail Armor
35:54 Gambesons
36:59 Fervor
37:06 Masonry
36:40 Treadmill Crane
38:08 Ballistics
37:23 Pikeman
38:52 Fortified Wall
39:06 Heavy Plow
40:18 Blast Furnace
40:40 Gold Shaft Mining
41:18 Conscription
41:56 Caravan
42:16 Leather Archer Armor
45:29 Plate Mail Armor
46:06 Chieftains
48:13 Chemistry
49:46 Town Patrol
50:08 Elite Berserk
52:00 Siege Engineers
54:39 Crop Rotation
55:12 Two-Man Saw
55:12 Chieftains
55:23 Two-Handed Swordsman
56:04 Bracer
56:42 Architecture
Connection lost

Rejoining the realm…

Still unreachable

The connection could not be restored.

Session expired

The server has moved on; the page needs a fresh start.